 Dungeon Crawl Stone Soup version 0.31-a0-348-g810772c3d7 (webtiles) character file.

Game seed: 18205946536602285790

6176 Enroth the Cleaver (level 10, -6/80 (88) HPs)
             Began as a Minotaur Fighter on July 23, 2023.
             Was an Initiate of Okawaru.
             Killed by vampiric draining
             ... invoked by Josephine
              (15 damage)
             ... on level 10 of the Dungeon.
             The game lasted 00:20:21 (9583 turns).

Enroth the Cleaver (Minotaur Fighter)               Turns: 9583, Time: 00:20:22

HP:   -6/80 (88)    AC: 10    Str: 24    XL:     10   Next: 60%
MP:   0/15          EV: 12    Int:  7    God:    Okawaru [......]
Gold: 511           SH:  5    Dex:  9    Spells: 18/18 levels left

rFire   + . .        a - +1 war axe
rCold   + + .        c - +0 buckler
rNeg    . . .        d - +0 acid dragon scales
rPois   .            B - +2 hat
rElec   .            A - scarf {rC+ rF+}
rCorr   +            (no gloves)
SInv    +            (no boots)
Will    .....        e - amulet of guardian spirit
Stlth   +            g - ring of protection from cold
HPRegen 0.33/turn    o - ring of see invisible
MPRegen 0.14/turn

%: guardian spirit
@: slowed, drained, very slow
A: horns 2, retaliatory headbutt, passive freeze
a: Renounce Religion


You were on level 10 of the Dungeon.
You worshipped Okawaru.
Okawaru was noncommittal.
You visited 2 branches of the dungeon, and saw 11 of its levels.

You collected 511 gold pieces.

Inventory:

Hand Weapons
 a - a +1 war axe (weapon)
Armour
 c - a +0 buckler (worn)
 d - +0 acid dragon scales (worn)
 A - a scarf of resistance (worn)
 B - a +2 hat (worn)
Jewellery
 e - an amulet of guardian spirit (around neck)
 g - a ring of protection from cold (left hand)
 i - a ring of protection from fire
 j - an amulet of the acrobat
 o - a ring of see invisible (right hand)
Wands
 b - a wand of polymorph (5)
 p - a wand of digging (5)
 x - a wand of flame (27)
 y - a wand of roots (13)
Scrolls
 f - 4 scrolls of teleportation
 l - 4 scrolls of fog
Potions
 k - 3 potions of curing
 m - 2 potions of lignification
 r - 2 potions of berserk rage
 t - a potion of magic
 u - a potion of brilliance
 v - 3 potions of enlightenment


   Skills:
 + Level 8.0 Fighting
 + Level 12.0 Axes
 + Level 9.4 Armour
 + Level 4.2 Dodging
 + Level 5.7 Shields
 * Level 4.5 Spellcasting


You had 18 spell levels left.
You didn't know any spells.
Your spell library contained the following spells:

 Spells                   Type           Power      Damage    Failure   Level
 Slow                     Hex            4%         N/A       38%         1
 Blink                    Tloc           2%         N/A       54%         2
 Lesser Beckoning         Tloc           2%         N/A       54%         2
 Momentum Strike          Conj/Tloc      2%         3d8       54%         2
 Confusing Touch          Hex            1%         N/A       77%         3
 Frozen Ramparts          Ice            2%         1d1       77%         3
 Vampiric Draining        Necr           1%         2d6       77%         3
 Manifold Assault         Tloc           1%         N/A       99%         4
 Petrify                  Tmut/Erth      1%         N/A       99%         4
 Metabolic Englaciation   Hex/Ice        0%         N/A       100%        5
 Dispersal                Tloc           0%         N/A       100%        6
 Disjunction              Tloc           0%         N/A       100%        8


Dungeon Overview and Level Annotations

Branches:
Dungeon (10/15)            Temple (1/1) D:4            Lair (0/5) D:8
    Orc (0/2) D:10

Altars:
Ashenzari
Cheibriados
Dithmenos
Elyvilon
Fedhas
Gozag
Hepliaklqana
Kikubaaqudgha
Makhleb
Nemelex Xobeh
Okawaru
Qazlal
Ru
Sif Muna
Trog
Uskayaw
Vehumet
Wu Jian
Xom
Yredelemnul
Zin
The Shining One

Annotations:
D:10 Josephine


Innate Abilities, Weirdness & Mutations

You have a pair of horns on your head.
You reflexively headbutt those who attack you in melee.
A frigid envelope surrounds you and freezes all who hurt you.


Message History

The wraith is severely damaged.
The wraith barely misses you.
You hit the wraith but do no damage.
The wraith is severely damaged.
You slash Josephine! Your headbutt misses Josephine.
Josephine is lightly wounded.
Josephine casts a spell at you.
The ghostly flame explodes!
The ghostly fireball engulfs you!!
You feel drained.
The ghostly fireball engulfs Josephine.
Josephine completely resists.
You slash Josephine! You headbutt Josephine!
Josephine is heavily wounded.
Josephine hits you with a +0 dagger.
Josephine is very cold.
Josephine is heavily wounded.
A wraith comes into view.
You barely miss Josephine. You headbutt Josephine!
Josephine is severely wounded.
Josephine hits you with a +0 dagger. You block Josephine's attack.
You closely miss Josephine.
Josephine is severely wounded.
Josephine gestures at you while chanting.
The ghostly flame explodes!
The ghostly fireball engulfs you!!
You feel drained.
* * * LOW HITPOINT WARNING * * *
The ghostly fireball engulfs Josephine.
Josephine completely resists.
You slash Josephine!
Josephine is severely wounded.
Josephine hits you but does no damage.
Josephine is very cold.
Josephine is severely wounded.
Josephine barely misses you. You furiously retaliate!
You headbutt Josephine! You barely miss Josephine.
Josephine is almost dead.
Josephine draws life force from you!
* * * LOW HITPOINT WARNING * * *
Josephine is healed by the life force!
You slash Josephine!
You headbutt Josephine, but do no damage.
Josephine is almost dead.
Josephine draws life force from you!
You die...

########################
................@@WWWW..
.################################
.#.........#########............#
.#.#######...........#......#.#.#
.#.###.....###########........#.#
....................>#........#.#
.#.###.....#########.#..........#
.#.# #........#..............<###
.#.####.###.#..............#.####


You could see Josephine and 4 wraiths.

Vanquished Creatures
  A deep elf pyromancer (D:10)
  A gargoyle (D:10)
  Psyche (D:10)
  Prince Ribbit (D:6)
  Grinder (D:3)
  A spriggan (D:9)
  A wraith (D:10)
  4 yaks (D:9)
  A vampire (D:10)
  Grum (D:8)
  An acid dragon (D:10)
  Duvessa (D:7)
  2 ice beasts
  An orc warrior (D:10)
  A sky beast (D:7)
  2 black bears
  2 wolves (D:8)
  An ogre (D:6)
  3 centaurs
  Blork the orc (D:6)
  2 phantoms
  6 bullfrogs
  4 scorpions
  2 gnoll sergeants
  Dowan (D:7)
  8 killer bees
  3 howler monkeys
  2 hounds
  2 orc priests
  3 gnoll boudas
  Crazy Yiuf (D:3)
  4 sleepcaps
  Jessica (D:3)
  4 iguanas
  4 orc wizards
  11 adders
  17 gnolls
  A shadow imp (D:7)
  A white imp (D:7)
  2 ufetubi (D:5)
  4 dart slugs
  A worm (D:4)
  30 orcs
  8 endoplasms
  3 giant cockroaches
  8 goblins
  11 hobgoblins
  8 kobolds
  A quokka (D:1)
  4 ball pythons
  6 bats
  3 frilled lizards
  2 rats
196 creatures vanquished.

Notes
Turn   | Place    | Note
-------+----------+-------------------------------------------
     0 | D:1      | Enroth the Minotaur Fighter began the quest for the Orb.
     0 | D:1      | Reached XP level 1. HP: 19/19 MP: 0/0
   438 | D:1      | Reached XP level 2. HP: 26/27 MP: 1/1
   957 | D:2      | Reached skill level 3 in Axes
   957 | D:2      | Reached XP level 3. HP: 26/33 MP: 2/2
  1328 | D:2      | Found a faded altar of an unknown god.
  1531 | D:2      | Reached skill level 4 in Axes
  1531 | D:2      | Reached XP level 4. HP: 39/40 MP: 3/3
  1662 | D:3      | Noticed Grinder
  1679 | D:3      | Gained mutation: A frigid envelope surrounds you and
                  | freezes all who hurt you. [potion of mutation]
  1687 | D:3      | Killed Grinder
  1688 | D:3      | Reached skill level 5 in Axes
  1688 | D:3      | Reached skill level 5 in Armour
  1688 | D:3      | Reached skill level 1 in Dodging
  1688 | D:3      | Reached XP level 5. HP: 6/47 MP: 0/4
  1688 | D:3      | Reached XP level 6. HP: 7/53 MP: 0/5
  1979 | D:3      | Noticed Jessica
  1987 | D:3      | Killed Jessica
  2003 | D:3      | Reached skill level 6 in Axes
  2071 | D:3      | Found a radiant altar of Vehumet.
  2289 | D:3      | Found a runed translucent door.
  2290 | D:3      | Noticed Crazy Yiuf
  2294 | D:3      | Killed Crazy Yiuf
  2295 | D:3      | Reached skill level 1 in Spellcasting
  2625 | D:4      | Identified the +1 pair of boots "Ygousto" {rCorr Dex+2}
  2640 | D:4      | Reached XP level 7. HP: 60/60 MP: 7/7
  2843 | D:4      | Found a staircase to the Ecumenical Temple.
  2856 | Temple   | Entered the Ecumenical Temple
  3493 | D:5      | Entered Level 5 of the Dungeon
  3541 | D:5      | Reached skill level 7 in Axes
  3602 | D:5      | Reached skill level 5 in Fighting
  3818 | D:5      | Reached XP level 8. HP: 62/68 MP: 7/9
  4113 | D:6      | Noticed Prince Ribbit
  4135 | D:6      | Killed Prince Ribbit
  4136 | D:6      | Reached skill level 8 in Axes
  4603 | D:6      | Noticed Blork the orc
  4611 | D:6      | Killed Blork the orc
  4612 | D:6      | Reached skill level 9 in Axes
  5109 | D:6      | Found a glowing silver altar of Zin.
  5249 | D:7      | Noticed Duvessa
  5251 | D:7      | Noticed Dowan
  5259 | D:7      | Killed Duvessa
  5260 | D:7      | Reached XP level 9. HP: 50/75 MP: 7/12
  5262 | D:7      | Killed Dowan
  5552 | D:7      | Reached skill level 5 in Shields
  5893 | D:7      | Reached skill level 10 in Axes
  6034 | D:8      | Noticed Grum
  6044 | D:8      | Killed Grum
  6975 | D:8      | Found a staircase to the Lair.
  7506 | D:9      | Found a hazy altar of Hepliaklqana.
  7511 | D:9      | Found a stormy altar of Qazlal.
  7512 | D:9      | Found a shadowy altar of Dithmenos.
  7512 | D:9      | Found a snail-covered altar of Cheibriados.
  7512 | D:9      | Found a sparkling altar of Nemelex Xobeh.
  7512 | D:9      | Found a broken altar of Ashenzari.
  7513 | D:9      | Found a sacrificial altar of Ru.
  7559 | D:9      | Reached XP level 10. HP: 66/86 MP: 11/14
  7569 | D:9      | Reached skill level 11 in Axes
  7808 | D:9      | Found a shimmering altar of Xom.
  8213 | D:10     | Entered Level 10 of the Dungeon
  8338 | D:10     | Noticed Psyche
  8530 | D:10     | Found a staircase to the Orcish Mines.
  8542 | D:10     | Noticed a deep elf pyromancer
  8560 | D:10     | Killed a deep elf pyromancer
  8772 | D:10     | Killed Psyche
  8822 | D:10     | Found an opulent altar of Gozag.
  9061 | D:10     | Found an iron altar of Okawaru.
  9098 | D:10     | Found a blossoming altar of Fedhas.
  9150 | D:10     | Became a worshipper of Warmaster Okawaru
  9328 | D:10     | Noticed a gargoyle
  9339 | D:10     | Killed a gargoyle
  9340 | D:10     | Reached skill level 12 in Axes
  9572 | D:10     | Noticed Josephine
  9583 | D:10     | Killed from afar by Josephine

Illustrated notes

Levels and vault maps discovered:
D:1:      sevenhm_arrival_forest_fort_large_4, layout_loops_corners
D:2:      layout_loops_cross, dreamdust_ecumenical_altar_angels_and_demons,
          corexii_corridor_pit, grunt_decor_resistance
D:3:      layout_basic, fiery_altar_vehumet, uniq_crazy_yiuf_cottage,
          uniq_grinder, uniq_jessica
D:4:      layout_loops_corners, minmay_temple_entry_arrows,
          minmay_fractal_squares_diagonal_5
D:5:      layout_rooms, amcnicky_mini_corridor_feature
D:6:      layout_loops_corners, zin_treasury, uniq_blork_the_orc,
          uniq_prince_ribbit1
D:7:      layout_rooms, minmay_quadrilaterals, uniq_duvessa
D:8:      layout_layer_cave, dpeg_oklobed_lair, uniq_grum
D:9:      layout_stronghold, kennysheep_mini, minitemple, the_hattery
D:10:     layout_basic, grunt_gozag_statues, mainiacjoe_overflow_catwalk_spiral,
          david_orc_2, uniq_josephine, uniq_psyche
Temple:   jpeg_temple_island

Skill      XL: |  1  2  3  4  5  6  7  8  9 10 |
---------------+-------------------------------+-----
Armour         | 4 5 6 7 8 9 |  9.4
Axes           | 3 4 5 6 7 9 10 12 | 12.0
Fighting       | 4 5 7 8 |  8.0
Dodging        | 1 2 3 4 |  4.2
Shields        | 4 5 |  5.7
Spellcasting   | 1 3 4 |  4.5

Action                     |  1- 3 |  4- 6 |  7- 9 | 10-12 || total
---------------------------+-------+-------+-------+-------++-------
  Melee: War axe           |    69 |    54 |   221 |   112 ||   456
         Headbutt          |     3 |     9 |    48 |    28 ||    88
    Use: Potion            |       |     2 |       |     1 ||     3
         Scroll            |       |       |       |    16 ||    16
 Armour: Scale mail        |    42 |    18 |    74 |    20 ||   154
         Acid dragon scale |       |       |       |     9 ||     9
  Dodge: Dodged            |    43 |    23 |   110 |    46 ||   222
  Block: Buckler           |    14 |     9 |    37 |    22 ||    82

Table legend: (Time is in decaauts)
 A = Elapsed time spent in this place.
 B = Non-inter-level travel time spent in this place.
 C = Inter-level travel time spent in this place.
 D = Time resting spent in this place.
 E = Time spent auto-exploring this place.
 F = Levels seen in this place.
 G = Mean time per level.
                   A        B        C        D        E       F      G
               +--------+--------+--------+--------+--------+-----+--------+
         Total |   9638 |   9403 |    235 |    163 |   7854 |  11 |  876.2 |
       Dungeon |   9570 |   9367 |    203 |    163 |   7854 |  10 |  957.0 |
        Temple |     67 |     35 |     32 |      0 |      0 |   1 |   67.0 |
               +--------+--------+--------+--------+--------+-----+--------+

Top non-repeatable levels by time:
     D:8: 1268 daAuts
    D:10: 1189 daAuts
     D:6: 1185 daAuts
     D:9: 1115 daAuts
     D:1: 930 daAuts
     D:3: 926 daAuts
     D:4: 893 daAuts
     D:7: 761 daAuts
     D:2: 719 daAuts
     D:5: 580 daAuts
  Temple: 67 daAuts
